MLB
LOS ANGELES DODGERS @ CALIFORNIA ANGELS
09/18/2049
 
TOP OF THE 1ST
Los Angeles Dodgers batting - Pitching for California Angels : LHP Jeff Baker
Pitching: LHP Jeff Baker
Batting: RHB Tim Nettles 0-0: Ground out 5-3 (Groundball, 56S, EV 67.5 MPH)
Batting: SHB Shane Marcum 0-0: Foul Ball, location: 2F
0-1: Called Strike
0-2: SINGLE (Line Drive, 8LS, EV 100.6 MPH)
Batting: RHB Clay Buchanan 0-0: Fly out, F7 (Line Drive, 7D, EV 93.8 MPH)
Batting: RHB John Piccolo 0-0: Called Strike
0-1: Called Strike
0-2: Ball
1-2: Ground out 4-3 (Groundball, 4S, EV 85.0 MPH)
Top of the 1st over - 0 runs, 1 hit, 0 errors, 1 left on base; Los Angeles 0 - California 0
BOTTOM OF THE 1ST
California Angels batting - Pitching for Los Angeles Dodgers : RHP Michael Walsh
Pitching: RHP Michael Walsh
Batting: LHB Rusty Ney 0-0: Called Strike
0-1: Foul Ball, location: 2F
0-2: Ball
1-2: Ball
2-2: Foul Ball, location: 2F
2-2: Ball
3-2: Foul Ball, location: 2F
3-2: DOUBLE (Groundball, 3L, EV 107.5 MPH)
Batting: RHB Nick Dunn 0-0: Called Strike
0-1: Called Strike
0-2: Ball
1-2: SINGLE (Groundball, 56D, EV 110.6 MPH)
Rusty Ney to third
Runner from 3rd tries for Home, throw by LF and OUT! 7-2
Nick Dunn to second
Batting: RHB Preston Deakyne 0-0: Ball
1-0: Ball
2-0: Ball
3-0: Foul Ball, location: 2F
3-1: Called Strike
3-2: Foul Ball, location: 2F
3-2: Base on Balls
Batting: LHB Mark Reeg 0-0: Called Strike
0-1: Ball
1-1: Called Strike
1-2: Ball
2-2: Foul Ball, location: 2F
2-2: Strikes out swinging
Batting: RHB Alain Delhaye 0-0: Called Strike
0-1: Ball
1-1: Foul Ball, location: 2F
1-2: Strikes out swinging
Bottom of the 1st over - 0 runs, 2 hits, 0 errors, 2 left on base; Los Angeles 0 - California 0
TOP OF THE 2ND
Los Angeles Dodgers batting - Pitching for California Angels : LHP Jeff Baker
Batting: SHB Joel Baker 0-0: Ball
1-0: Ball
2-0: Ball
3-0: Called Strike
3-1: Called Strike
3-2: Ground out 6-3 (Groundball, 6, EV 109.4 MPH)
Batting: RHB Danny Dyer 0-0: Called Strike
0-1: Ball
1-1: Foul Ball, location: 2F
1-2: Foul Ball, location: 2F
1-2: Strikes out swinging
Batting: RHB Leonardo Nava 0-0: Ball
1-0: Foul Ball, location: 2F
1-1: Swinging Strike
1-2: Foul Ball, location: 2F
1-2: Strikes out looking
Top of the 2nd over - 0 runs, 0 hits, 0 errors, 0 left on base; Los Angeles 0 - California 0
BOTTOM OF THE 2ND
California Angels batting - Pitching for Los Angeles Dodgers : RHP Michael Walsh
Batting: LHB Jonathon Walton 0-0: Ball
1-0: Foul Ball, location: 2F
1-1: Foul Ball, location: 2F
1-2: Strikes out looking
Batting: RHB Bjoern Waltersson 0-0: Called Strike
0-1: Ball
1-1: Swinging Strike
1-2: Foul Ball, location: 2F
1-2: Foul Ball, location: 2F
1-2: Ball
2-2: Strikes out swinging
Batting: LHB Javier Trujillo 0-0: Ball
1-0: Ball
2-0: Ball
3-0: Foul Ball, location: 2F
3-1: Foul Ball, location: 2F
3-2: Base on Balls
Batting: RHB Ryuji Ito 0-0: Called Strike
0-1: Ball
Javier Trujillo steals 2nd base (no throw)
1-1: SINGLE (Line Drive, 6D, EV 97.5 MPH)
Javier Trujillo to third
Runner from 3rd tries for Home, SAFE, throw by CF to home
Batting: LHB Rusty Ney 0-0: Swinging Strike
0-1: Swinging Strike
0-2: Strikes out swinging
Bottom of the 2nd over - 1 run, 1 hit, 0 errors, 1 left on base; Los Angeles 0 - California 1
TOP OF THE 3RD
Los Angeles Dodgers batting - Pitching for California Angels : LHP Jeff Baker
Batting: SHB Benjamin Brown 0-0: Called Strike
0-1: Ball
1-1: Swinging Strike
1-2: Ball
2-2: Strikes out swinging
Batting: RHB Wing-kit Bu 0-0: Called Strike
0-1: Foul Ball, location: 2F
0-2: SINGLE (Line Drive, 3L, EV 96.2 MPH)
Batting: RHB Tim Nettles 0-0: Ball
Wing-kit Bu steals 2nd base
1-0: DOUBLE (Line Drive, 89D, EV 106.2 MPH)
Wing-kit Bu scores
Batting: SHB Shane Marcum 0-0: Called Strike
0-1: Ball
1-1: Ball
2-1: Foul Ball, location: 2F
2-2: Fly out, F8 (Flyball, 78M, EV 85.0 MPH)
Batting: RHB Clay Buchanan 0-0: Ball
1-0: Fly out, F8 (Flyball, 8RD, EV 95.0 MPH)
Top of the 3rd over - 1 run, 2 hits, 0 errors, 1 left on base; Los Angeles 1 - California 1
BOTTOM OF THE 3RD
California Angels batting - Pitching for Los Angeles Dodgers : RHP Michael Walsh
Batting: RHB Nick Dunn 0-0: Ball
1-0: Ball
2-0: Foul Ball, location: 2F
2-1: Ball
3-1: Base on Balls
Batting: RHB Preston Deakyne 0-0: Ball
1-0: Ball
Nick Dunn is caught stealing 2nd base 2-4
2-0: Fly out, F9 (Flyball, 9S, EV 95.0 MPH)
Batting: LHB Mark Reeg 0-0: SOLO HOME RUN (Flyball, 9LD, EV 95.6 MPH), Distance : 353 ft
Batting: RHB Alain Delhaye 0-0: Called Strike
0-1: Ball
1-1: Foul Ball, location: 2F
1-2: Strikes out swinging
Bottom of the 3rd over - 1 run, 1 hit, 0 errors, 0 left on base; Los Angeles 1 - California 2
TOP OF THE 4TH
Los Angeles Dodgers batting - Pitching for California Angels : LHP Jeff Baker
Batting: RHB John Piccolo 0-0: Foul Ball, location: 2F
0-1: Ball
1-1: Ball
2-1: Swinging Strike
2-2: Strikes out looking
Batting: SHB Joel Baker 0-0: Called Strike
0-1: Foul Ball, location: 2F
0-2: Strikes out swinging
Batting: RHB Danny Dyer 0-0: Ball
1-0: Called Strike
1-1: Ball
2-1: DOUBLE (Line Drive, 89XD, EV 98.8 MPH)
Batting: RHB Leonardo Nava 0-0: Called Strike
0-1: Foul Ball, location: 2F
0-2: Ball
1-2: Ball
2-2: Foul Ball, location: 2F
2-2: Fly out, F1 (Line Drive, P, EV 72.5 MPH)
Top of the 4th over - 0 runs, 1 hit, 0 errors, 1 left on base; Los Angeles 1 - California 2
BOTTOM OF THE 4TH
California Angels batting - Pitching for Los Angeles Dodgers : RHP Michael Walsh
Batting: LHB Jonathon Walton 0-0: Ball
1-0: Fly out, F9 (Flyball, 9S, EV 75.6 MPH)
Batting: RHB Bjoern Waltersson 0-0: Called Strike
0-1: Ground out 2-3 (Groundball, 2L, EV 70.6 MPH)
Batting: LHB Javier Trujillo 0-0: Ball
1-0: Foul Ball, location: 2F
1-1: Called Strike
1-2: Foul Ball, location: 2F
1-2: Foul Ball, location: 2F
1-2: Foul Ball, location: 2F
1-2: Ball
2-2: Ground out 6-3 (Groundball, 6S, EV 66.2 MPH)
Bottom of the 4th over - 0 runs, 0 hits, 0 errors, 0 left on base; Los Angeles 1 - California 2
TOP OF THE 5TH
Los Angeles Dodgers batting - Pitching for California Angels : LHP Jeff Baker
Batting: SHB Benjamin Brown 0-0: Ball
1-0: SINGLE (Groundball, 4D, EV 98.1 MPH)
Batting: RHB Wing-kit Bu 0-0: Called Strike
0-1: Fielders Choice at 2nd, 1-4 (Groundball, 15S, EV 75.0 MPH)
Batting: RHB Tim Nettles 0-0: Ball
1-0: Foul Ball, location: 2F
1-1: Foul Ball, location: 2F
1-2: Ball
2-2: Ball
Wing-kit Bu is caught stealing 2nd base 2-4
3-2: Ground out 5-3 (Groundball, 56, EV 81.9 MPH)
Top of the 5th over - 0 runs, 1 hit, 0 errors, 0 left on base; Los Angeles 1 - California 2
BOTTOM OF THE 5TH
California Angels batting - Pitching for Los Angeles Dodgers : RHP Michael Walsh
Batting: RHB Ryuji Ito 0-0: Ball
1-0: Called Strike
1-1: Foul Ball, location: 2F
1-2: Strikes out looking
Batting: LHB Rusty Ney 0-0: Foul Ball, location: 2F
0-1: Ball
1-1: SINGLE (Line Drive, 78S, EV 91.2 MPH)
Batting: RHB Nick Dunn 0-0: Ball
1-0: Ground out 5-3 (Groundball, 5S, EV 71.2 MPH)
Rusty Ney to second
Batting: RHB Preston Deakyne 0-0: Ball
1-0: Ball
2-0: Ball
3-0: Base on Balls
Batting: LHB Mark Reeg 0-0: Ball
1-0: Ball
2-0: Ball
3-0: Called Strike
3-1: Base on Balls
Rusty Ney to third
Preston Deakyne to second
Pitching: LHP J.P. Blair
Batting: RHB Alain Delhaye 0-0: Called Strike
0-1: Foul Ball, location: 2F
0-2: Foul Ball, location: 2F
0-2: Ball
1-2: SINGLE (Line Drive, 6M, EV 94.4 MPH)
Rusty Ney scores
Preston Deakyne to third
Mark Reeg to second
Runner from 3rd tries for Home, throw by CF and OUT! 8-2
Bottom of the 5th over - 1 run, 2 hits, 0 errors, 2 left on base; Los Angeles 1 - California 3
TOP OF THE 6TH
Los Angeles Dodgers batting - Pitching for California Angels : LHP Jeff Baker
Batting: SHB Shane Marcum 0-0: Called Strike
0-1: Foul Ball, location: 2F
0-2: Strikes out swinging, 2-3 out at first.
Batting: RHB Clay Buchanan 0-0: Ball
1-0: Ball
2-0: Called Strike
2-1: SINGLE (Groundball, 15S, EV 72.5 MPH) (infield hit)
Batting: RHB John Piccolo 0-0: Called Strike
Clay Buchanan steals 2nd base (no throw)
0-1: Fly out, F8 (Flyball, 8LD, EV 93.8 MPH)
Batting: SHB Joel Baker 0-0: Swinging Strike
0-1: Foul Ball, location: 2F
0-2: Foul Ball, location: 2F
0-2: Foul Ball, location: 2F
0-2: Ball
1-2: Strikes out swinging
Top of the 6th over - 0 runs, 1 hit, 0 errors, 1 left on base; Los Angeles 1 - California 3
BOTTOM OF THE 6TH
California Angels batting - Pitching for Los Angeles Dodgers : LHP J.P. Blair
Batting: LHB Jonathon Walton 0-0: Called Strike
0-1: Ball
1-1: Ball
2-1: Bunt for hit to 25 - play at first, batter safe!
Batting: RHB Bjoern Waltersson 0-0: Foul Ball, location: 2F
0-1: Ball
1-1: Called Strike
1-2: Ball
2-2: Ball
3-2: Grounds into double play, 5-4-3 (Groundball, 56, EV 98.8 MPH)
Batting: LHB Javier Trujillo 0-0: Foul Ball, location: 2F
0-1: Ball
1-1: Swinging Strike
1-2: Fly out, F8 (Flyball, 8RXD, EV 95.6 MPH)
Bottom of the 6th over - 0 runs, 1 hit, 0 errors, 0 left on base; Los Angeles 1 - California 3
TOP OF THE 7TH
Los Angeles Dodgers batting - Pitching for California Angels : LHP Jeff Baker
Batting: RHB Danny Dyer 0-0: Called Strike
0-1: Ball
1-1: Swinging Strike
1-2: Ball
2-2: Ball
3-2: Strikes out swinging
Batting: RHB Leonardo Nava 0-0: Ball
1-0: Foul Ball, location: 2F
1-1: Ball
2-1: Ball
3-1: Ground out 6-3 (Groundball, 6, EV 81.2 MPH)
Pitching: RHP Bryan Banana
Batting: SHB Benjamin Brown 0-0: Ball
1-0: Called Strike
1-1: Swinging Strike
1-2: Strikes out swinging
Top of the 7th over - 0 runs, 0 hits, 0 errors, 0 left on base; Los Angeles 1 - California 3
BOTTOM OF THE 7TH
California Angels batting - Pitching for Los Angeles Dodgers : LHP J.P. Blair
Pitching: RHP Craig Fallon
Batting: RHB Ryuji Ito 0-0: Ball
1-0: Ball
2-0: Called Strike
2-1: Ball
3-1: Base on Balls
Batting: LHB Rusty Ney 0-0: Ball
1-0: Sac Bunt to 13S - play at first, batter OUT! 1-3
Ryuji Ito to second
Batting: RHB Nick Dunn 0-0: Ball
1-0: Ball
2-0: Fly out, F8 (Flyball, 8LXD, EV 85.6 MPH)
Runner from 2nd tags up, SAFE at 3rd, no throw by CF
Batting: RHB Preston Deakyne 0-0: Ball
1-0: Ball
2-0: Foul Ball, location: 2F
2-1: Foul Ball, location: 2F
2-2: Ball
3-2: Ground out 3-1 (Groundball, 34S, EV 78.8 MPH)
Bottom of the 7th over - 0 runs, 0 hits, 0 errors, 1 left on base; Los Angeles 1 - California 3
TOP OF THE 8TH
Los Angeles Dodgers batting - Pitching for California Angels : RHP Bryan Banana
Pitching: LHP Keith Pratt
Batting: RHB Wing-kit Bu 0-0: Foul Ball, location: 2F
0-1: Ball
1-1: Ball
2-1: SOLO HOME RUN (Flyball, 7LD, EV 98.8 MPH), Distance : 356 ft
Batting: RHB Tim Nettles 0-0: Ball
1-0: Foul Ball, location: 2F
1-1: Foul Ball, location: 2F
1-2: Foul Ball, location: 2F
1-2: Foul Ball, location: 2F
1-2: Ball
2-2: Ball
3-2: Foul Ball, location: 2F
3-2: Strikes out swinging
Batting: SHB Shane Marcum 0-0: Swinging Strike
0-1: SINGLE (Groundball, 6MD, EV 106.2 MPH)
Batting: RHB Clay Buchanan 0-0: Ball
1-0: Ball
2-0: Swinging Strike
2-1: Swinging Strike
2-2: Ball
3-2: Strikes out swinging
Batting: RHB John Piccolo 0-0: Ball
1-0: Foul Ball, location: 2F
1-1: Swinging Strike
1-2: SINGLE (Line Drive, 9S, EV 100.0 MPH)
Shane Marcum to second
Batting: SHB Joel Baker 0-0: Called Strike
0-1: Ball
1-1: Swinging Strike
1-2: Strikes out looking
Top of the 8th over - 1 run, 3 hits, 0 errors, 2 left on base; Los Angeles 2 - California 3
BOTTOM OF THE 8TH
California Angels batting - Pitching for Los Angeles Dodgers : RHP Craig Fallon
Pitching: RHP Chris Geraci
Batting: LHB Mark Reeg 0-0: Called Strike
0-1: Ball
1-1: Ball
2-1: Ground out 6-3 (Groundball, 4MD, EV 86.2 MPH)
Batting: RHB Alain Delhaye 0-0: Ball
1-0: Ball
2-0: Foul Ball, location: 2F
2-1: SINGLE (Groundball, 6MD, EV 95.0 MPH)
Batting: LHB Jonathon Walton 0-0: Called Strike
0-1: Ball
1-1: Called Strike
1-2: Strikes out swinging
Batting: RHB Bjoern Waltersson 0-0: Ball
1-0: Called Strike
1-1: Fielders Choice at 2nd, 5-4 (Groundball, 56, EV 78.1 MPH)
Bottom of the 8th over - 0 runs, 1 hit, 0 errors, 1 left on base; Los Angeles 2 - California 3
TOP OF THE 9TH
Los Angeles Dodgers batting - Pitching for California Angels : LHP Keith Pratt
Pitching: LHP George Poirier
Batting: RHB Danny Dyer 0-0: Ball
1-0: Ground out 6-3 (Groundball, 56, EV 83.1 MPH)
Batting: RHB Leonardo Nava 0-0: Swinging Strike
0-1: Foul Ball, location: 2F
0-2: Ball
1-2: Strikes out swinging, 2-3 out at first.
Batting: SHB Benjamin Brown 0-0: Called Strike
0-1: Called Strike
0-2: Strikes out swinging, 2-3 out at first.
Top of the 9th over - 0 runs, 0 hits, 0 errors, 0 left on base; Los Angeles 2 - California 3
Sunday, July 16th , 2023 - OOTP Baseball 24.6 Build 69